Cogmind - Beta 12 @@@ ROGUE MODE // 2023.04.06 @ 18:39:12 Player: Inkie Result: Destroyed by as-77613 with Assembled Heavy Rifle Performance ------------- Evolutions (0) 0 Regions Visited (4) 800 Robots Destroyed (9) 45 Value Destroyed (331) 331 Prototype IDs (25) 500 Alien Tech Used (0) 0 Bonus (401) 401 TOTAL SCORE: 2077 Bonus ------- Follower Combat Kills 126 Aligned with FarCom 300 Friendly Fire -25 Cogmind --------- Core Integrity 0/250 Matter 246/300 Energy 250/250 System Corruption 0% Temperature Cool (13) Movement Core (350) Ox6 Location -9/Mines Parts ------- > --- POWER (1) -------- Ion Engine > --- PROPULSION (2) --- (None) > --- UTILITY (2) ------ Heat Sink Medium Storage Unit > --- WEAPON (2) ------- Rocket Launcher > --- INVENTORY (10) --- Deuterium Engine Light Nuclear Core Experimental Sensor Array Hardened Medium Armor Plating Hardlight Generator Improved Trap Extractor (0/6) Decoy Drone Bay (16/16) Latent Energy Streamer Peak State ------------ > --- POWER ------------ Ion Engine > --- PROPULSION ------- Light Treads Light Treads > --- UTILITY ---------- Decoy Drone Bay > --- WEAPON ----------- Medium Laser Heavy Particle Cannon > --- INVENTORY -------- Light Nuclear Core Hardlight Generator Improved Trap Extractor [Rating: 22] Favorites ----------- Power Ion Engine Engine Ion Engine Propulsion Light Treads Treads Light Treads Utility Small Storage Unit Device Heat Sink Storage Small Storage Unit Protection Hardened Medium Armor Plating Weapon Medium Laser Energy Gun Medium Laser Energy Cannon Heavy Particle Cannon Ballistic Gun Light Assault Rifle Launcher Rocket Launcher Build | -11 -10 -10 -10 -9 ------- Run | Jun Mat Min Exi Min Slots Evolved . | . . . . . Power . | . . . . . Propulsion . | . . . . . Utility . | . . . . . Weapon . | . . . . . Parts Attached 15 | 6 . 7 1 1 Power 1 | 1 . . . . Engine 1 | 1 . . . . Core . | . . . . . Reactor . | . . . . . Propulsion 2 | 2 . . . . Treads 2 | 2 . . . . Leg . | . . . . . Wheel . | . . . . . Hover . | . . . . . Flight . | . . . . . Utility 8 | 1 . 6 1 . Device 3 | . . 3 . . Storage 3 | 1 . 1 1 . Processor . | . . . . . Hackware . | . . . . . Protection 2 | . . 2 . . Artifact . | . . . . . Weapon 4 | 2 . 1 . 1 Energy Gun 1 | 1 . . . . Energy Cannon 1 | . . 1 . . Ballistic Gun 1 | 1 . . . . Ballistic Cannon . | . . . . . Launcher 1 | . . . . 1 Special Weapon . | . . . . . Impact Weapon . | . . . . . Slashing Weapon . | . . . . . Piercing Weapon . | . . . . . Special Melee Weapon . | . . . . . Unidentified Prototypes 2 | . . 2 . . Parts Lost 4 | . . . . 4 Power . | . . . . . Propulsion 2 | . . . . 2 Utility . | . . . . . Weapon 2 | . . . . 2 Highest Loss Streak 4 | . . . . 4 To Critical Strikes . | . . . . . Average Slot Usage (%) 94 | . 85 91 100 97 Engine 14 | . 14 14 14 14 Treads 27 | . 28 28 28 26 Device 7 | . . 2 14 14 Storage 13 | . 14 13 14 14 Protection 1 | . . 3 . . Energy Gun 13 | . 14 14 14 13 Energy Cannon 10 | . . 8 14 13 Ballistic Gun 3 | . 14 5 . . Naked Turns . | . . . . . Heaviest Build 26 | 13 13 26 24 24 Greatest Support 40 | 40 40 40 40 40 Greatest Overweight (x) . | . . . . . Average Overweight (x) . | . . . . . Largest Inventory Capacity 10 | 8 8 8 10 10 Average Capacity 8 | 6 8 7 9 10 Most Carried 10 | . 1 8 9 10 Average Carried 6 | . . 6 8 9 Final Capacity 10 | 8 8 8 10 10 Final Carried 9 | . 1 8 9 9 Class Distribution -------------------- 100% | Mutant Dominant Class ---------------- Mutant | -10/Materials Mutant | -10/Mines Mutant | -10/Exiles Mutant | -9/Mines Resources | -11 -10 -10 -10 -9 ----------- Run | Jun Mat Min Exi Min Matter Collected 355 | 198 66 81 . 10 Remotely . | . . . . . Salvage Created 352 | . 106 162 . 84 Parts 18 | . 5 10 . 3 Haulers Intercepted . | . . . . . Recyclers Shooed . | . . . . . Parts Field Recycled . | . . . . . Retrieved Matter . | . . . . . Parts Self-Destructed . | . . . . . Prevented . | . . . . . Kills | -11 -10 -10 -10 -9 ------- Run | Jun Mat Min Exi Min Combat Hostiles Destroyed 9 | . 2 4 . 3 Guns 5 | . 2 3 . . Cannons 2 | . . 1 . 1 AOE 2 | . . . . 2 Classes Destroyed 4 | . 1 . . 3 Worker 1 | . . . . 1 Grunt 7 | . 2 4 . 1 Demolisher 1 | . . . . 1 Assembled 1 | . . . . 1 Best Kill Streak 3 | . 2 2 . 3 Combat Bots Only 2 | . 2 2 . 2 Max Kills in Single Turn 1 | . 1 1 . 1 Gunslinging . | . . . . . Exploded 1 | . . . . 1 Melee . | . . . . . Uniques/NPCs Destroyed . | . . . . . Combat | -11 -10 -10 -10 -9 -------- Run | Jun Mat Min Exi Min Damage Taken 912 | . 143 155 . 614 Core 262 | . . 25 . 237 Absorbed by Shields . | . . . . . Core Remaining (%) 100 | 100 . . . . Volleys Fired 40 | . 7 14 . 19 Largest 2 | . 2 2 . 1 Hottest 125 | . 70 125 . 75 Shots Fired 59 | . 14 26 . 19 Gun 37 | . 14 23 . . Cannon 18 | . . 3 . 15 Launcher 4 | . . . . 4 Special . | . . . . . Kinetic 18 | . 7 11 . . Thermal 37 | . 7 15 . 15 Explosive 4 | . . . . 4 Electromagnetic . | . . . . . Robot Hit Streak 9 | . 4 9 . 3 Robot Miss Streak 3 | . 1 1 . 3 Penetration Max . | . . . . . Secondary Targets . | . . . . . Shots Hit Robots 44 | . 11 23 . 10 Core Hits 22 | . 5 7 . 10 Critical Kills . | . . . . . Critical Parts Destroyed . | . . . . . Critical Strikes 1 | . 1 . . . Burn 1 | . 1 . . . Melee Attacks . | . . . . . Impact . | . . . . . Slashing . | . . . . . Piercing . | . . . . . Sneak Attacks . | . . . . . Combat Hostiles . | . . . . . Follow-up Attacks . | . . . . . Damage Inflicted 783 | 1 102 289 . 391 Guns 313 | . 102 211 . . Cannons 325 | . . 75 . 250 Explosions 141 | . . . . 141 Melee . | . . . . . Ramming 4 | 1 . 3 . . Kinetic 115 | . 41 74 . . Thermal 523 | . 61 212 . 250 Explosive 141 | . . . . 141 Electromagnetic . | . . . . . Impact . | . . . . . Slashing . | . . . . . Piercing . | . . . . . Highest Corruption . | . . . . . Average Corruption . | . . . . . Corruption Purged . | . . . . . Corruption Blocked . | . . . . . Overload Shots . | . . . . . Overflow Damage 15 | . . . . 15 Projectiles 15 | . . . . 15 Explosions . | . . . . . Melee . | . . . . . Knockbacks . | . . . . . Impact . | . . . . . Kinetic . | . . . . . Secondary . | . . . . . Self-Inflicted Damage 23 | . . . . 23 Shots 1 | . . . . 1 Rammed 2 | 1 . 1 . . Targets Rammed 2 | 1 . 1 . . Kicked . | . . . . . Crushed . | . . . . . Highest Temperature 377 | . 185 377 . 97 Average Temperature 112 | . 92 162 . 42 Received Heat Transfer 225 | . 81 84 . 60 Effects 2 | . . 2 . . Shutdowns 1 | . . 1 . . Short Circuit 1 | . . 1 . . Siege Activations . | . . . . . Robots Corrupted . | . . . . . Combat Hostiles . | . . . . . Parts Fried . | . . . . . Impact Corruptions . | . . . . . Robots Melted . | . . . . . Combat Hostiles . | . . . . . Parts Melted 1 | . . 1 . . Heat Transferred 1147 | . 259 518 . 370 Parts Sabotaged . | . . . . . Parts Stolen . | . . . . . Parts Stripped . | . . . . . Power Chain Reactions . | . . . . . Missiles Intercepted . | . . . . . Alert | -11 -10 -10 -10 -9 ------- Run | Jun Mat Min Exi Min Peak Influence 149 | . 80 81 . 149 Initial 31 | . . 31 . . Average 27 | . 37 20 . 60 Maximum Alert Level . | . . . . . Low Security (%) 100 | 100 100 100 . 100 Level 1 . | . . . . . Level 2 . | . . . . . Level 3 . | . . . . . Level 4 . | . . . . . Level 5 . | . . . . . High Security . | . . . . . Max Security . | . . . . . Squads Dispatched . | . . . . . Investigation . | . . . . . Extermination . | . . . . . Reinforcement . | . . . . . Assault . | . . . . . Garrison . | . . . . . Intercept . | . . . . . Searches Triggered . | . . . . . Construction Impeded . | . . . . . Haulers Reinforced . | . . . . . Active Scanning Responses . | . . . . . Cargo Convoy Interrupts . | . . . . . Stealth | -11 -10 -10 -10 -9 --------- Run | Jun Mat Min Exi Min Distress Signals . | . . . . . Communications Jammed . | . . . . . Distress Signals . | . . . . . Times Spotted 18 | . 3 4 . 11 Peak Tracking Total 6 | . 2 2 . 6 Tactical Retreats . | . . . . . Traps | -11 -10 -10 -10 -9 ------- Run | Jun Mat Min Exi Min Traps Triggered . | . . . . . Indirectly . | . . . . . Trap Hack Attempts . | . . . . . Triggered . | . . . . . Disarmed . | . . . . . Reprogrammed . | . . . . . Reused . | . . . . . Traps Extracted . | . . . . . Installed . | . . . . . Triggered . | . . . . . Machines | -11 -10 -10 -10 -9 ---------- Run | Jun Mat Min Exi Min Machines Disabled . | . . . . . Max in Single Turn . | . . . . . Machines Repaired . | . . . . . Machines Sabotaged . | . . . . . Overloaded Fab Kills . | . . . . . Hacking | -11 -10 -10 -10 -9 --------- Run | Jun Mat Min Exi Min Machines Accessed 5 | . 1 3 1 . Terminals 2 | . 1 1 . . Fabricators . | . . . . . Repair Stations . | . . . . . Recycling Units . | . . . . . Scanalyzers . | . . . . . Garrison Access . | . . . . . Total Hacks 6 | . 2 3 1 . Successful 4 | . . 3 1 . Failed 2 | . 2 . . . Catastrophic . | . . . . . Database Lockouts . | . . . . . Manual 4 | . 2 1 1 . Terminals 3 | . 2 1 . . Fabricators . | . . . . . Repair Stations . | . . . . . Recycling Units . | . . . . . Scanalyzers . | . . . . . Garrison Access . | . . . . . Terminal Hacks 4 | . . 3 1 . Part Schematic 1 | . . 1 . . Open Door 2 | . . 2 . . EX-Prototype ID Bank 1 | . . . 1 . Fabricator Hacks . | . . . . . Repair Station Hacks . | . . . . . Recycling Unit Hacks . | . . . . . Scanalyzer . | . . . . . Garrison Access Hacks . | . . . . . Unauthorized Hacks . | . . . . . Terminals . | . . . . . Fabricators . | . . . . . Repair Stations . | . . . . . Recycling Units . | . . . . . Scanalyzers . | . . . . . Garrison Access . | . . . . . Data Cores Recovered . | . . . . . Used . | . . . . . Hacking Detections 1 | . 1 . . . Full Trace Events . | . . . . . Feedback Events . | . . . . . Feedback Blocked . | . . . . . Robot Schematics Acquired . | . . . . . Robots Built . | . . . . . Authchips . | . . . . . Time . | . . . . . Total Robot Build Rating . | . . . . . Part Schematics Acquired 1 | . . 1 . . Parts Built . | . . . . . Authchips . | . . . . . Time . | . . . . . Total Part Build Rating . | . . . . . Parts Repaired . | . . . . . Time . | . . . . . Parts Recycled . | . . . . . Recycled Matter . | . . . . . Retrieved Matter . | . . . . . Retrieved Components . | . . . . . Parts Scanalyzed . | . . . . . Part Schematics Acquired . | . . . . . Parts Damaged . | . . . . . Bothacking | -11 -10 -10 -10 -9 ------------ Run | Jun Mat Min Exi Min Used RIF Installer . | . . . . . Robots Hacked . | . . . . . Non-combat . | . . . . . Combat . | . . . . . Robot Hacks Applied . | . . . . . Relay Couplers Released . | . . . . . Fabnet Peak Effective % . | . . . . . Robots Rewired . | . . . . . Allies Hacked . | . . . . . Hacks Repelled . | . . . . . Allies | -11 -10 -10 -10 -9 -------- Run | Jun Mat Min Exi Min Total Allies 4 | . . 4 . . Largest Group 4 | . . 4 3 2 Highest-Rated Group 71 | . . 71 40 24 Highest-Rated Ally 31 | . . 31 16 16 Total Orders . | . . . . . Ally Attacks 27 | . . 7 . 20 Total Damage 320 | . . 92 . 228 Kills 4 | . . . . 4 Allies Corrupted 1 | . . . . 1 Allies Melted . | . . . . . Intel | -11 -10 -10 -10 -9 ------- Run | Jun Mat Min Exi Min Robot Analysis Total . | . . . . . Derelict Logs Recovered 2 | . . 1 . 1 Drone Launches . | . . . . . Drone Recoveries . | . . . . . Exploration | -11 -10 -10 -10 -9 ------------- Run | Jun Mat Min Exi Min Turns Passed 2133 | 105 168 1016 553 291 Spaces Moved 1247 | 64 89 592 345 157 Core 8 | 8 . . . . Treads 1239 | 56 89 592 345 157 Legs . | . . . . . Wheels . | . . . . . Hover . | . . . . . Flight . | . . . . . Fastest Speed 50 | 50 160 160 160 160 Average Speed 159 | 146 160 160 160 160 Slowest Speed 160 | 160 160 160 160 160 Overloaded Moves . | . . . . . Propulsion Burnouts . | . . . . . Robots Hopped . | . . . . . Cave-ins Triggered . | . . . . . Exploration Rate (%) 44 | 5 18 94 69 34 Regions Visited 4 Branch Regions 3 Pre-discovered Areas 1 | . . 1 . . Known Exits Taken . | . . . . . Unknown Exits Taken 4 | 1 1 1 1 . Scrap Searched 2 | . . 1 . 1 Spaces Dug . | . . . . . Terrain Destroyed 29 | . . . . 29 Melee . | . . . . . Projectile 5 | . . . . 5 AOE 24 | . . . . 24 Terrain Rammed . | . . . . . Walls Destroyed . | . . . . . Machines Disabled . | . . . . . Actions | -11 -10 -10 -10 -9 --------- Run | Jun Mat Min Exi Min Total 1335 | 72 102 636 347 178 Wait 17 | 2 6 9 . . Move 1244 | 64 88 591 344 157 Hop . | . . . . . Pick Up 13 | . 1 10 1 1 Fast Attach 9 | 6 . 3 . . Attach 3 | . . 2 . 1 Detach 1 | . . 1 . . Swap 3 | . . 2 1 . Drop 4 | . . 3 1 . Fire 40 | . 7 14 . 19 Melee . | . . . . . Ram . | . . . . . Kick . | . . . . . Crush 1 | . . 1 . . Escape Stasis . | . . . . . Rewire . | . . . . . Trap . | . . . . . Miscellaneous . | . . . . . Route ------- -11/Junkyard -10/Materials -10/Mines (discovered 3 exits: [*Mat x2] / *Exi) -10/Exiles (discovered 2 exits: [*Min x2]) -9/Mines (discovered 1 exit: [*Mat]) History --------- Turn | Location | Event 5 | -11/Junkyard | Discovered new exit (range 15) 106 | -11/Junkyard | Entered Materials 219 | -10/Materials | Discovered new exit (range 15) 274 | -10/Materials | Entered Mines 316 | -10/Mines | Build established: Mutant 395 | -10/Mines | Met a Derelict who couldn't figure out how to use a Trap Extractor 451 | -10/Mines | Learned location of Zion (-7) 472 | -10/Mines | Found a damaged Exp. Sensor Array with a note attached 475 | -10/Mines | Found Prototype Device 580 | -10/Mines | Found the Drone Emporium 590 | -10/Mines | Found Prototype Device 591 | -10/Mines | Identified Exp. Sensor Array 676 | -10/Mines | Identified Decoy Drone Bay 861 | -10/Mines | Assisted by bots powering up and referring to "LRC-V3" 966 | -10/Mines | Discovered new exit (range 9) 990 | -10/Mines | Discovered new exit (range 12) 1012 | -10/Mines | Received a Mining Laser from a helpful Derelict 1276 | -10/Mines | Deemed a non-threat by the Exiles lab entrance 1276 | -10/Mines | Discovered new exit (range 5) 1290 | -10/Mines | Entered Exiles 1290 | -10/Exiles | Accompanied by 3 allies 1314 | -10/Exiles | Discovered new exit (range 15) 1334 | -10/Exiles | Met 8R-AWN 1358 | -10/Exiles | Met EX-HEX 1426 | -10/Exiles | Met EX-DEC 1582 | -10/Exiles | Met EX-BIN 1602 | -10/Exiles | Aligned with FarCom system 1604 | -10/Exiles | Given EX-Vault access code 1646 | -10/Exiles | Opened EX-Vault 1686 | -10/Exiles | Found Latent Energy Streamer 1719 | -10/Exiles | Warned to stay clear of 0b10 Research branches 1827 | -10/Exiles | Discovered new exit (range 10) 1843 | -10/Exiles | Left Exiles lab with Latent Energy Streamer 1843 | -10/Exiles | Entered Mines 1843 | -9/Mines | Accompanied by 3 allies 1872 | -9/Mines | Learned 2 Materials zone layouts 1905 | -9/Mines | Received a Rocket Launcher from a helpful Derelict 2108 | -9/Mines | Assembled infested the area 2113 | -9/Mines | Assisted by a Guerilla fighting off Assembled 2125 | -9/Mines | Core integrity fell below 50% 2131 | -9/Mines | Core integrity fell below 20% 2131 | -9/Mines | Discovered new exit (range 13) 2134 | -9/Mines | Destroyed by as-77613 with Assembled Heavy Rifle Last Messages --------------- I've been tracking a group of Assembled to figure out where they're coming from, and they're closing on this area, come on!" 02113_ Core Extractor disabled. 02113_ CC-L5R(h) destroyed. 02113_ D-53 Grenadier suffers critical hit (Burn). 02114_ The unstable cave ceiling collapses. 02114_ Destroyed Shock Absorption System. 02116_ The unstable cave ceiling collapses. 02116_ Lgt. Treads destroyed. 02118_ Med. Laser destroyed. 02120_ The unstable cave ceiling collapses. 02121_ D-53 Grenadier destroyed. 02124_ The unstable cave ceiling collapses. 02126_ Lgt. Treads destroyed. 02126_ Hvy. Particle Cannon destroyed. 02127_ K-01 Serf destroyed. 02131_ D-53 Grenadier destroyed. 02131_ EXIT=FOUND 02133_ as-44930 destroyed. 02133_ Critical hit (Burn: +37). Map ----- +----------------------------------------------------+ | ?????????????????????????????????????????????????? | | ?????????????????????????????????????????????????? | | ?????????????????????????????????????????????????? | | ?????????????????????????????????????????????????? | | ?????????????????????????????????????????????????? | | ?????????????????????????????????????????????????? | | ?????????????????????????????????????????????????? | | ?????????????????????????????????????????????????? | | ?????????????????????????????????????????????????? | | ?????????????????????????????????????????????????? | | ?????????????????????????????????????????????????? | | ????????????????????????????#????????????????????? | | ??????????????????????????? ????????????????????? | | ???????????????? #??????? #????????????????????? | | ??????????????# ##????? #????????????????????? | | ??????????????? r ????? #????????????????????? | | ???????????????? ##??# #????????????????????? | | ?????????????##?# ## ##???????????????????? | | ????????????## # #???????????????????? | | ????????????# a #???????????????????? | | ???????????? ##??????????????????? | | ??????????? < k %= % a ##?????????????????? | | ???????????? % #??????????????#### | | ??????????? # a #??????????????# "" | | ??????????????# #??????????????# "" | | ??????????????# @ #???????????????# "" | | ???????????????# #??????????###### | | ???????????? ### #??????????# | | ???????????????????# ##??????????# #### | | ??????????????????## # g ##???????????# #??# | | ??????????????????#; r ##????????????# #??# | | ???????????????# ### ##????????????# #??#### | | ???????????????# % ##???????????# #?????? | | ???????????????#### ###????????## ####### | | ??????????????????## #% ##??????## | | ???????????????????#### ## #????### | | ??????????????????????# ### #???## #### | | ????????????????????? #?# ##### #??# | | ???????????????????? ### ##??# | | ?????????????????s?######## #### ##???## | | ????????????????ss????????# #### ##?????? | | ??????????????????????????## [!/ #?## ###??????? | | ???????????????????????????###%# #?# #????????? | | ?????????????????????????????#!#####?# #????????? | | ????????????????????????????##+##????# #????????? | | ???????????????????????????## ##???# #????????? | | ??????????????????????????## #???# #????????? | | ??????????????????????????# #???# #????????? | | ??????????????????????????# ##???# #????????? | | ??????????????????????????# ##????# #????????? | +----------------------------------------------------+ Best States ------------- Heat Dissipation 35 Energy Generation 10 Energy Capacity 250 Matter Stores 300 Matter Capacity 300 Sight Range 16 Terrain Scan Density 10 Armor Coverage 225 Evasion (%) 40 Recoil Reduction 2 Item Schematics ----------------- Huge Storage Unit | -10/Mines | Hacked Robot Schematics ------------------ None Fabricated ------------ Nothing Alien Tech Used ----------------- None Achievements -------------- None Challenges ------------ None Game ------ Seed MyomerLightningSheargun Manual? 0 Play Time 00:10:02 Cumulative 437.4 hours Start 2023.04.06 @ 18:29:06 End 2023.04.06 @ 18:39:12 Sessions 1 Manual Loads 0 Difficulty Rogue Special Mode None Game No. 478 Rogue 469 Adventurer 8 Explorer 1 Win Type - Total 7 Types 4/1/2/0/0/0/0/0/0 Lore% 79 Gallery% 90 Achievement% 71 Wizard Run 0 Options --------- ASCII 0 Keyboard 0 Movement Numpad Keybinds 1 Fullscreen 2 Font 18/Terminus Map View 76x50 Tactical HUD 1 Map Filters NONE Filters NONE Steam 1 RUN: dae64bea-41cd-40b8-82a8-ce1ee78a7060